Map: [ESL] Goldenaura

Players

Nice

  • Race: Protoss Protoss
  • Spawn Location: 5:00

Lemon - Winner!

  • Race: Protoss Protoss
  • Spawn Location: 12:00

Event: ESL SC2 Masters 2024 Spring (Regional)

VOD

Have the link to the VOD?

Description

Time

  • Played on: April 11, 2024, 6:54 a.m.
  • Length: 5:41

All games in this series

Show
View Real Time Build Order
Export as new Build Order

Nice Protoss 

Build Orders: Blink Stalkers 

Get SALT Encoding   

  12  0:00  Probe  
  13  0:12  Probe  
  14  0:17  Pylon  
  14  0:24  Probe (Chrono Boost)  
  16  0:36  Probe (Chrono Boost)  
  16  0:37  Gateway  
  16  0:42  Probe  
  16  0:46  Assimilator  
  17  0:54  Probe (Chrono Boost)  
  17  0:55  Assimilator  
  18  1:06  Probe (Chrono Boost)  
  18  1:08  Gateway  
  19  1:15  Probe (Chrono Boost)  
  20  1:20  Probe  
  21  1:25  Cybernetics Core  
  22  1:32  Probe  
  22  1:37  Pylon  
  22  1:44  Probe  
  23  2:01  Twilight Council  
  23  2:04  Warp Gate, Stalker  
  25  2:12  Stalker  
  27  2:19  Pylon  
  27  2:23  Probe  
  28  2:33  Stalker  
  32  2:44  Blink (Chrono Boost)  
  29  2:55  Probe  
  29  2:58  Stalker  
  32  3:08  Gateway  
  32  3:13  Stalker  
  34  3:21  Shield Battery  
  34  3:27  Pylon  
  34  3:39  Pylon  
  34  3:52  Stalker x2  
  38  4:02  Gateway  
  38  4:04  Stalker  
  40  4:16  Stalker x2  
  44  4:21  Pylon  
  44  4:29  Stalker  
  46  4:41  Stalker  
  46  4:59  Stalker  
  42  5:00  Stalker  
  42  5:02  Stalker  
  46  5:10  Stalker  
Show
View Real Time Build Order
Export as new Build Order

Lemon Protoss - Winner!

Build Orders: Phoenix Opening 

Get SALT Encoding   

  12  0:00  Probe  
  13  0:12  Probe  
  14  0:17  Pylon  
  14  0:24  Probe (Chrono Boost)  
  16  0:36  Probe (Chrono Boost), Gateway  
  16  0:43  Probe (Chrono Boost)  
  16  0:45  Assimilator  
  17  0:51  Probe  
  17  0:56  Assimilator  
  18  1:03  Probe (Chrono Boost)  
  19  1:08  Gateway  
  19  1:13  Probe (Chrono Boost)  
  19  1:18  Probe  
  20  1:24  Cybernetics Core  
  21  1:30  Probe  
  22  1:34  Pylon  
  22  1:42  Probe  
  23  1:54  Probe  
  23  2:00  Warp Gate (Chrono Boost), Stalker x2  
  28  2:12  Pylon  
  28  2:30  Sentry, Probe  
  31  2:41  Nexus  
  31  2:49  Sentry  
  31  2:51  Probe  
  34  2:58  Shield Battery  
  34  3:02  Robotics Facility  
  34  3:08  Probe  
  34  3:20  Probe  
  34  3:25  Pylon  
  35  3:32  Probe  
  35  3:33  Phoenix  
  36  3:42  Stalker  
  36  3:44  Stalker  
  36  3:45  Probe  
  41  3:51  Immortal (Chrono Boost)  
  45  3:56  Probe  
  46  4:03  Probe  
  46  4:06  Stalker  
  46  4:08  Sentry  
  51  4:21  Immortal (Chrono Boost)  
  55  4:25  Probe  
  55  4:26  Probe  
  57  4:34  Pylon  
  57  4:37  Stalker  
  59  4:45  Probe  
  59  4:46  Probe  
  59  4:48  Observer (Chrono Boost)  
  56  4:53  Stalker  
  56  4:58  Probe x2  
  58  5:02  Assimilator, Stalker  
  60  5:10  Probe x2  
  62  5:18  Stalker  
Tags
 
Add a new tag
Caveats
  • Supply blocks, unpowered buildings, or Contaminate may cause inaccurate times.
  • Supply counts are checked every 10 seconds.